 Dungeon Crawl Stone Soup version 0.24-a0-584-g9d6b971ae4 (webtiles) character file.

Game seed: 18025810423518203583, levelgen mode: deterministic

920 Mithandil the Slasher (level 7, -3/55 HPs)
             Began as a Demonspawn Abyssal Knight on Sept 6, 2019.
             Was a Priest of Lugonu.
             Slain by an orc warrior
             ... wielding a +0 halberd
              (6 damage)
             ... on level 6 of the Dungeon.
             The game lasted 00:24:11 (4640 turns).

Mithandil the Slasher (Demonspawn Abyssal Knight)   Turns: 4640, Time: 00:24:12

Health: -3/55      AC: 11    Str: 16    XL:     7   Next: 83%
Magic:  8/8        EV: 10    Int: 17    God:    Lugonu [***...]
Gold:   315        SH:  0    Dex: 17    Spells: 6/6 levels left

rFire    . . .     SeeInvis .   a - +8 long sword of Experimentation {venom, +Fly Str+2 Int+4 Dex+4}
rCold    + . .     Gourm    .   (no shield)
rNeg     . . .     Faith    .   g - +0 chain mail
rPois    .         Spirit   .   (no helmet)
rElec    .         Reflect  .   h - scarf {cloud immunity}
rCorr    .         Harm     .   H - +2 pair of gloves
MR       .....                  (no boots)
Stlth    ..........             (no amulet)
HPRegen  0.18/turn              d - ring of protection from cold
MPRegen  0.11/turn              (no ring)

@: no status effects
A: talons 1, repulsion field 1, powered by pain 1
a: Depart the Abyss, Bend Space, Banish, Renounce Religion, Evoke Flight


You were on level 6 of the Dungeon.
You worshipped Lugonu.
Lugonu was most pleased with you.
You were not hungry.

You visited 1 branch of the dungeon, and saw 7 of its levels.
You visited the Abyss 1 time.

You collected 315 gold pieces.

Inventory:

Hand Weapons
 a - the +8 long sword of Experimentation (weapon) {venom, +Fly Str+2 Int+4 Dex+4}
   (You found it on level 4 of the Dungeon)

   It poisons the flesh of those it strikes.
   It affects your strength (+2).
   It affects your intelligence (+4).
   It affects your dexterity (+4).
   It lets you fly.
 b - a +0 hunting sling
 k - a +3 dagger
 m - a +4 dagger
 r - a +3 short sword
 u - a +1 falchion
 E - a +2 dagger of venom
 F - a +1 falchion of draining
 J - a +2 halberd of flaming
Missiles
 e - 180 stones
 i - 12 bolts
 j - 50 poisoned darts
 n - 101 arrows
 s - 14 boomerangs (quivered)
 t - 46 sling bullets
Armour
 g - a +0 chain mail (worn)
 h - a scarf of cloud immunity (worn)
 q - a +0 cloak
 H - a +2 pair of gloves (worn)
Magical Staves
 B - an uncursed staff of wizardry
Jewellery
 d - a ring of protection from cold (left hand)
Wands
 x - a wand of flame (16)
Scrolls
 f - 2 scrolls of blinking
 o - a scroll of amnesia
 p - 3 scrolls of teleportation
 v - 3 scrolls of remove curse
 y - a scroll of fog
 A - 3 scrolls of identify
 C - a scroll of fear
Potions
 z - a potion of heal wounds
 D - 4 potions of curing
Comestibles
 c - 11 rations
 l - 3 chunks of flesh


   Skills:
 + Level 4.9 Fighting
 * Level 5.3 Long Blades
 + Level 2.0 Armour
 + Level 3.5 Dodging
 + Level 0.6 Stealth
 + Level 3.3 Unarmed Combat
 - Level 2.4 Invocations


You had 6 spell levels left.
You didn't know any spells.
Your spell library was empty.

Dungeon Overview and Level Annotations

Branches:
Dungeon (7/15)             Temple (0/1) D:4

Altars:
Hepliaklqana
Makhleb
Ru
Uskayaw
Vehumet
Yredelemnul

Shops:
D:4 (   D:5 [


Innate Abilities, Weirdness & Mutations

You have sharp toenails.
You are surrounded by a mild repulsion field. (EV +2)
You sometimes gain a little power by taking damage.


Message History

You hit the phantom.
The phantom is almost destroyed.
The phantom barely misses you.
The orc warrior hits you from afar with a +0 halberd.
* * * LOW HITPOINT WARNING * * *
The phantom hits you.
* * * LOW HITPOINT WARNING * * *
You slash the phantom!
You destroy the phantom!
Lugonu accepts your kill.
Your Armour skill increases to level 2!
The orc warrior barely misses you.
The orc warrior hits you with a +0 halberd!
* * * LOW HITPOINT WARNING * * *
There is an open door, spattered with blood here.
Things that are here:
a +0 hand axe; an orc corpse You closely miss the orc warrior.
Your kick misses the orc warrior.
The orc warrior hits you with a +0 halberd.
You die...

... ..... #.# ...##
##.## #.#...... ...
#.#....## ...
......... ... #<#. #.#
#......# #o# ###.####
#o# #.####### ##@##
#.......# ##...##
#..####.# ##.....##
#....##.###.......##
####....#.##.........#
...........'.........+
.###....#.##.........#
.# #......###.......##
.# ###.#### ##.....##


You could see an orc warrior and an orc.

Vanquished Creatures
  A phantom (D:6)
  An ice beast (D:5)
  An ogre (D:2)
  2 scorpions
  A howler monkey (D:4)
  2 hounds
  3 orc priests
  4 orc wizards
  Jessica (D:2)
  An iguana (D:4)
  A worker ant zombie (D:5)
  4 gnolls (D:5)
  3 adders
  2 shadow imps (D:5)
  An ooze (D:3)
  An adder skeleton (D:4)
  2 worms (D:2)
  4 dart slugs
  4 leopard geckos
  10 orcs
  4 giant cockroaches
  11 goblins
  10 hobgoblins
  6 jackals (D:3)
  A quokka (D:4)
  10 bats
  6 frilled lizards
  5 kobolds
  A quokka skeleton (D:4)
  4 rats (D:2)
  A plant (D:1)
108 creatures vanquished.

Notes
Turn   | Place    | Note
-------+----------+-------------------------------------------
     0 | Abyss:1  | Mithandil the Demonspawn Abyssal Knight began the quest for
                  | the Orb.
     0 | Abyss:1  | Reached XP level 1. HP: 18/18 MP: 2/2
    32 | Abyss:1  | Noticed an apocalypse crab
    39 | D:1      | Escaped the Abyss
   116 | D:1      | Reached skill level 1 in Dodging
   261 | D:1      | Reached skill level 2 in Long Blades
   284 | D:1      | Reached * piety under Lugonu
   291 | D:1      | Gained mutation: You have sharp toenails. [demonic
                  | ancestry]
   291 | D:1      | Reached XP level 2. HP: 15/24 MP: 3/3
   601 | D:2      | Found a hazy altar of Hepliaklqana.
   881 | D:1      | Gained mutation: You are surrounded by a mild repulsion
                  | field. (EV +2) [demonic ancestry]
   881 | D:1      | Reached XP level 3. HP: 26/29 MP: 4/4
  1185 | D:2      | Reached skill level 1 in Unarmed Combat
  1404 | D:2      | Found a basalt altar of Yredelemnul.
  1445 | D:2      | Noticed Jessica
  1463 | D:2      | Killed Jessica
  1463 | D:2      | Reached XP level 4. HP: 13/35 MP: 5/5
  1685 | D:3      | Reached ** piety under Lugonu
  1733 | D:3      | Reached skill level 3 in Long Blades
  1878 | D:2      | Noticed an ogre
  1886 | D:2      | Killed an ogre
  1886 | D:2      | Reached XP level 5. HP: 4/42 MP: 6/6
  2361 | D:4      | Got an ivory long sword
  2407 | D:5      | Entered Level 5 of the Dungeon
  2407 | D:5      | Noticed an ice beast
  2425 | D:5      | Killed an ice beast
  2425 | D:5      | Gained mutation: You sometimes gain a little power by
                  | taking damage. [demonic ancestry]
  2425 | D:5      | Reached XP level 6. HP: 48/48 MP: 7/7
  2428 | D:5      | Found Kaaridatt's Antique Armour Boutique.
  2433 | D:5      | Reached skill level 4 in Long Blades
  2563 | D:6      | Found a radiant altar of Vehumet.
  2652 | D:3      | Identified the +8 long sword of Experimentation {venom,
                  | +Fly Str+2 Int+4 Dex+4} (You found it on level 4 of the
                  | Dungeon)
  2811 | D:4      | Reached XP level 7. HP: 25/55 MP: 8/8
  2840 | D:4      | Reached *** piety under Lugonu
  3204 | D:3      | Found a hide-covered altar of Uskayaw.
  3204 | D:3      | Found a sacrificial altar of Ru.
  3671 | D:4      | Found Mir Jitol's Antique Weapon Shop.
  3819 | D:4      | Found a staircase to the Ecumenical Temple.
  4050 | D:5      | Reached skill level 5 in Long Blades
  4559 | D:6      | Found a burning altar of Makhleb.
  4640 | D:6      | Slain by an orc warrior

Levels and vault maps discovered:
D:1:      minmay_arrival_split_and_join, layout_rooms, serial_forest,
          infiniplex_forest_clump_long, infiniplex_forest_join,
          infiniplex_forest_lined_3, infiniplex_forest_clump_diagonal,
          infiniplex_forest_3_way, infiniplex_forest_zigzag_1,
          infiniplex_forest_straight_3
D:2:      layout_loops_ring, lemuel_crystal_altar,
          nicolae_overflow_hidden_temple, uniq_jessica
D:3:      layout_basic, gammafunk_temple_overflow_elements,
          corexii_item_surrounded_by_moat
D:4:      layout_rooms, minmay_temple_entry_grid, serial_shops, kennysheep_mini,
          kennysheep_cross_bottleneck
D:5:      layout_rooms, first_ration, serial_shops, shop
D:6:      layout_loops_corners, old_standard_altar, vehumet_altar_wand_db,
          old_standard_altar, hex_tiny
D:7:      layout_gridville, elyvilon_altar_4, serial_co_window_serial,
          co_window_cross_1, co_window_of_opportunity_a, co_window_paths_a,
          co_window_paths_b, co_window_paths_a, co_window_paths_b,
          co_window_paths_b, co_window_paths_c, co_window_broadway_c,
          co_window_cross_2, co_window_corner_b, co_window_sun,
          co_window_paths_e, glass_columns_b, glass_columns_a, glass_columns_a,
          glass_columns_b, uniq_menkaure, uniq_harold, uniq_duvessa

Skill      XL: |  1  2  3  4  5  6  7 |
---------------+----------------------+-----
Dodging        | 1 2 3 |  3.5
Long Blades    | 2 3 4 5 |  5.3
Unarmed Combat | 1 2 3 |  3.3
Fighting       | 4 |  4.9
Armour         | 2 |  2.0
Stealth        | |  0.6
Invocations    | |  2.4

Action                   |  1- 3 |  4- 6 |  7- 9 || total
-------------------------+-------+-------+-------++-------
Melee: Falchion          |   132 |    92 |       ||   224
       Kick              |    37 |    27 |    17 ||    81
       Punch             |     1 |     2 |     1 ||     4
       Long sword        |       |    29 |    58 ||    87
Invok: Depart the Abyss  |     1 |       |       ||     1
 Abil: Evoke Flight      |       |     1 |       ||     1
  Use: Scroll            |     5 |       |     8 ||    13
       Potion            |     3 |       |     1 ||     4
  Eat: Chunk             |     2 |     4 |     6 ||    12
Armor: Leather armour    |     6 |       |       ||     6
       Scale mail        |    31 |    12 |       ||    43
       Chain mail        |       |    35 |    24 ||    59
Dodge: Dodged            |    53 |    72 |    31 ||   156
       Rpst.: Falchion   |    18 |    14 |       ||    32
       Long sword        |       |     2 |    10 ||    12

Table legend:
 A = Non-vault XP
 B = Vault XP
 C = Vault XP percentage of total XP
 D = Non-vault monster count
 E = Vault monster count
 F = Vault count percentage of total count
                 A         B        C        D         E       F
            +---------+---------+-------+---------+---------+-------
      Total |    1276 |      39 |   3.0 |     105 |       2 |   1.9
            +---------+---------+-------+---------+---------+-------
        D:1 |      37 |       0 |   0.0 |      19 |       0 |   0.0
        D:2 |     169 |      37 |  18.0 |      20 |       1 |   4.8
        D:3 |      92 |       0 |   0.0 |      31 |       0 |   0.0
        D:4 |     342 |       0 |   0.0 |      14 |       0 |   0.0
        D:5 |     462 |       0 |   0.0 |      17 |       0 |   0.0
        D:6 |     174 |       2 |   1.1 |       4 |       1 |  20.0
            +---------+---------+-------+---------+---------+-------
